 Dungeon Crawl Stone Soup version 0.30-a0-57-g8b159a9891 (webtiles) character file.

Game seed: 13757715561594739090

9991 Decritt the Basher (level 11, -4/73 HPs)
             Began as a Gargoyle Fighter on Sept 11, 2022.
             Was an Initiate of Ru.
             Slain by a death yak (9 damage)
             ... on level 10 of the Dungeon.
             The game lasted 00:29:47 (12521 turns).

Decritt the Basher (Gargoyle Fighter)              Turns: 12521, Time: 00:29:48

Health: -4/73      AC: 27    Str: 24    XL:     11   Next: 55%
Magic:  11/11      EV:  8    Int:  7    God:    Ru [......]
Gold:   367        SH: 14    Dex:  9    Spells: 10/10 levels left

rFire   + . .      SeeInvis .    s - +2 whip (elec)
rCold   + . .      Faith    .    K - +0 kite shield
rNeg    + . .      Spirit   .    M - +2 chain mail {rPois}
rPois   ∞          Reflect  +    c - +1 helmet
rElec   +          Harm     .    E - +1 cloak
rCorr   +          Rampage  .    l - +0 pair of gloves
Will    .....                    (no boots)
Stlth   ..........               d - amulet of reflection
HPRegen 0.22/turn                F - ring of resist corrosion
MPRegen 0.12/turn                (no ring)

@: resistant, on berserk cooldown, slowed, very slow
A: sickness immunity, AC +8, dopey 1, negative energy resistance 1, electricity
resistance, torment resistance 1, petrification resistance
a: Renounce Religion


You were on level 10 of the Dungeon.
You worshipped Ru.
Ru was noncommittal.
You visited 2 branches of the dungeon, and saw 11 of its levels.

You collected 527 gold pieces.
You spent 160 gold pieces at shops.

Inventory:

Hand Weapons
 s - a +2 whip of electrocution (weapon)
 u - the +7 falchion of the Key {flame, Int+4}
   (You found it on level 6 of the Dungeon)

   It burns those it strikes, dealing additional fire damage.
   Big, fiery blades are also staple armaments of hydra-hunters.
   Int:       It affects your intelligence (+4).
Missiles
 h - 3 silver boomerangs
 x - 3 silver javelins
 B - 5 poisoned darts
 G - 7 boomerangs (quivered)
 H - a throwing net
Armour
 c - a +1 helmet (worn)
 l - a +0 pair of gloves (worn)
 D - an orb of light
 E - a +1 cloak (worn)
 K - a +0 kite shield (worn)
 M - a +2 chain mail of poison resistance (worn)
Jewellery
 a - an amulet of magic regeneration
 d - an amulet of reflection (around neck)
 F - a ring of resist corrosion (left hand)
Wands
 n - a wand of mindburst (10)
 J - a wand of charming (11)
Scrolls
 k - 2 scrolls of immolation
 o - 3 scrolls of brand weapon
 v - a scroll of amnesia
 w - 3 scrolls of magic mapping
Potions
 b - 2 potions of invisibility
 e - a potion of berserk rage
 f - a potion of magic {unknown}
 i - a potion of cancellation
 p - a potion of might
 q - 2 potions of lignification
 z - 3 potions of mutation
 A - 2 potions of flight
 L - a potion of ambrosia {unknown}


   Skills:
 - Level 10.8 Fighting
 - Level 2.2 Long Blades
 * Level 11.1 Maces & Flails
 - Level 8.4 Armour
 - Level 4.2 Dodging
 + Level 6.7 Shields


You had 10 spell levels left.
You didn't know any spells.
Your spell library contained the following spells:

 Spells                   Type           Power      Damage    Failure   Level
 Apportation              Tloc           0%         N/A       100%        1
 Necrotise                Necr           0%         1d4       100%        1
 Summon Small Mammal      Summ           0%         N/A       100%        1
 Blink                    Tloc           0%         N/A       100%        2
 Call Canine Familiar     Summ           0%         N/A       100%        3
 Lesser Beckoning         Tloc           0%         N/A       100%        3
 Ozocubu's Armour         Ice            0%         N/A       100%        3
 Summon Guardian Golem    Hex/Summ       0%         N/A       100%        3
 Freezing Cloud           Conj/Ice/Air   0%         6-21      100%        5
 Manifold Assault         Tloc           0%         N/A       100%        5
 Simulacrum               Ice/Necr       0%         N/A       100%        6
 Ozocubu's Refrigeration  Ice            0%         4d7       100%        7
 Polar Vortex             Ice            0%         N/A       100%        9


Dungeon Overview and Level Annotations

Branches:
Dungeon (10/15)            Temple (1/1) D:6
   Lair: D:8-11         Orc: D:9-12

Altars:
Ashenzari
Cheibriados
Dithmenos
Elyvilon
Fedhas
Gozag
Hepliaklqana
Kikubaaqudgha
Makhleb
Nemelex Xobeh
Okawaru
Qazlal
Ru
Sif Muna
Trog
Uskayaw
Vehumet
Wu Jian
Xom
Yredelemnul
Zin
The Shining One

Shops:
D:5 *

Annotations:
D:9 3 runed translucent doors


Innate Abilities, Weirdness & Mutations

You are immune to sickness and miasma.
Your stone body is resilient. (AC +8)
You are immune to poison.
You are dopey. (Int -2)
You resist negative energy. (rN+)
You are resistant to electric shocks. (rElec)
You are resistant to unholy torment.
You are immune to petrification.


Message History

The death yak is moderately wounded.
The death yak gores you but does no damage.
You barely miss the death yak.
The death yak is moderately wounded.
The death yak gores you!
* * * LOW HITPOINT WARNING * * *
You hit the death yak but do no damage.
The death yak is moderately wounded.
The death yak gores you but does no damage.
You barely miss the death yak.
The death yak is moderately wounded.
The death yak gores you but does no damage.
You barely miss the death yak.
The death yak is moderately wounded.
You block the death yak's attack.
You hit the death yak.
Lightning courses through the death yak!
The death yak is heavily wounded.
You block the death yak's attack.
You hit the death yak but do no damage.
The death yak is heavily wounded.
The death yak gores you!!
* * * LOW HITPOINT WARNING * * *
You feel better.
The death yak gores you but does no damage.
You block the death yak's attack.
Okay, then.
Okay, then.
You feel better.
The death yak gores you but does no damage.
The death yak gores you.
* * * LOW HITPOINT WARNING * * *
The death yak gores you.
* * * LOW HITPOINT WARNING * * *
The death yak attacks as you move away! The death yak gores you!
* * * LOW HITPOINT WARNING * * *
It was a potion of resistance.
You feel protected. The death yak gores you!
You die...

#......#####.......'.......
#####..............#....... .
#..............#.###### ..
#..............#.# ...
#.....)........#.+ ....
#...........####.# .....
#........####....#
#..../#######+##.......######
#......†.YYY@................
.....##########..............
... #...########... . #...#
#..# .... #...# #..# ....
#†..# #..# ..... ######...#
#..#
.....#####..)...).########..#
.........Y..................#


You could see 3 death yaks.

Vanquished Creatures
  A two-headed ogre (D:9)
  4 death yaks (D:10)
  Pikel (D:5)
  A troll (D:9)
  Grinder (D:6)
  Sigmund (D:5)
  11 yaks
  A wraith (D:9)
  6 orc warriors
  3 ice beasts
  4 black bears
  2 ogres
  3 centaurs
  A lemure (D:5)
  4 kobold brigands
  2 gnoll sergeants
  2 scorpions (D:5)
  A necrophage (D:5)
  5 wights (D:8)
  11 killer bees (D:9)
  A howler monkey (D:6)
  8 hounds
  2 gnoll boudas (D:6)
  9 orc priests
  A jelly (D:7)
  Crazy Yiuf (D:5)
  Natasha (thrice) (D:3)
  5 iguanas
  8 orc wizards
  12 adders
  12 gnolls
  2 shadow imps
  2 white imps
  An ufetubus (D:5)
  2 worms (D:2)
  4 dart slugs
  56 orcs
  2 bats (D:1)
  4 endoplasms
  2 giant cockroaches (D:2)
  7 goblins
  11 hobgoblins
  4 jackals (D:3)
  16 kobolds
  5 quokkas
  4 ball pythons
  3 frilled lizards
  3 rats
255 creatures vanquished.

Vanquished Creatures (others)
  37 plants (D:6)
37 creatures vanquished.

Grand Total: 292 creatures vanquished

Notes
Turn   | Place    | Note
-------+----------+-------------------------------------------
     0 | D:1      | Decritt the Gargoyle Fighter began the quest for the Orb.
     0 | D:1      | Reached XP level 1. HP: 14/14 MP: 1/1
   154 | D:1      | Reached XP level 2. HP: 19/19 MP: 2/2
   444 | D:1      | Found a faded altar of an unknown god.
   616 | D:2      | Reached XP level 3. HP: 24/24 MP: 3/3
   855 | D:2      | Reached XP level 4. HP: 29/29 MP: 4/4
   891 | D:2      | Reached skill level 3 in Maces & Flails
  1470 | D:3      | Noticed Natasha
  1473 | D:3      | Reached XP level 5. HP: 34/34 MP: 5/5
  1490 | D:3      | Killed Natasha
  1841 | D:3      | Noticed Natasha
  1849 | D:3      | Killed Natasha
  1938 | D:3      | Reached XP level 6. HP: 40/40 MP: 6/6
  2017 | D:3      | Noticed Natasha
  2021 | D:3      | Killed Natasha
  2022 | D:3      | Reached skill level 5 in Fighting
  2320 | D:4      | Reached skill level 4 in Maces & Flails
  2597 | D:4      | Noticed a black bear
  2626 | D:4      | Killed a black bear
  2627 | D:4      | Reached XP level 7. HP: 36/45 MP: 7/7
  3095 | D:4      | Reached skill level 5 in Maces & Flails
  3467 | D:5      | Entered Level 5 of the Dungeon
  3588 | D:5      | Found a runed translucent door.
  3589 | D:5      | Noticed Crazy Yiuf
  3598 | D:5      | Killed Crazy Yiuf
  3692 | D:5      | Reached skill level 5 in Shields
  3694 | D:5      | Noticed Sigmund
  3700 | D:5      | Killed Sigmund
  3701 | D:5      | Reached skill level 5 in Armour
  3701 | D:5      | Reached XP level 8. HP: 50/52 MP: 8/8
  3879 | D:5      | Noticed Pikel
  4296 | D:5      | Killed Pikel
  4297 | D:5      | Reached skill level 6 in Maces & Flails
  4297 | D:5      | Reached skill level 1 in Dodging
  4602 | D:5      | Found Erurch's Assorted Antiques.
  4605 | D:5      | Bought a tourmaline ring for 160 gold pieces
  4958 | D:6      | Reached XP level 9. HP: 59/59 MP: 9/9
  5135 | D:6      | Reached skill level 7 in Maces & Flails
  5676 | D:6      | Found a staircase to the Ecumenical Temple.
  5685 | Temple   | Entered the Ecumenical Temple
  5943 | Temple   | Became a worshipper of Ru the Awakened
  6117 | D:6      | Identified the +7 falchion of the Key {flame, Int+4}
  6717 | D:6      | Noticed Grinder
  6731 | D:6      | Paralysed by Grinder for 3 turns
  6736 | D:6      | Killed Grinder
  6824 | D:6      | Reached skill level 1 in Long Blades
  7035 | D:6      | Found an ornate altar of the Wu Jian Council.
  7577 | D:7      | Reached XP level 10. HP: 56/67 MP: 10/10
  8776 | D:8      | Reached skill level 10 in Fighting
  9042 | D:8      | Found a hazy altar of Hepliaklqana.
  9064 | D:8      | Gained mutation: You are dopey. (Int -2) [Ru sacrifice]
 10241 | D:9      | Reached skill level 8 in Maces & Flails
 10297 | D:9      | Found a runed translucent gate.
 10298 | D:9      | Found a runed translucent gate.
 10298 | D:9      | Found a runed translucent gate.
 10299 | D:9      | Noticed a white ugly thing
 10299 | D:9      | Noticed a red ugly thing
 10299 | D:9      | Noticed a white ugly thing
 10299 | D:9      | Noticed a glowing orange brain
 10300 | D:9      | Noticed a death drake
 10300 | D:9      | Noticed a purple ugly thing
 10300 | D:9      | Noticed a green ugly thing
 10306 | D:9      | Noticed a salamander
 10306 | D:9      | a death drake changed into a salamander
 10307 | D:9      | a salamander changed into a merfolk
 10310 | D:9      | Noticed a glowing shapeshifter
 10310 | D:9      | a snapping turtle changed into a glowing shapeshifter
 10910 | D:9      | Noticed a two-headed ogre
 10921 | D:9      | Killed a two-headed ogre
 10922 | D:9      | Reached skill level 9 in Maces & Flails
 10922 | D:9      | Reached XP level 11. HP: 58/73 MP: 11/11
 11559 | D:9      | Reached skill level 10 in Maces & Flails
 11860 | D:10     | Entered Level 10 of the Dungeon
 12332 | D:10     | Noticed a death yak
 12360 | D:10     | Killed a death yak
 12458 | D:10     | Noticed a death yak
 12464 | D:10     | Noticed a death yak
 12471 | D:10     | Noticed a death yak
 12472 | D:10     | Noticed a death yak
 12483 | D:10     | Noticed a death yak
 12487 | D:10     | Killed a death yak
 12493 | D:10     | Noticed a death yak
 12495 | D:10     | Killed a death yak
 12503 | D:10     | Killed a death yak
 12504 | D:10     | Reached skill level 11 in Maces & Flails
 12521 | D:10     | Slain by a death yak

Illustrated notes

Levels and vault maps discovered:
D:1:      psy_arrival_statuary, layout_rooms,
          shapermc_ecumenical_altar_mp_vishouse
D:2:      layout_basic
D:3:      layout_basic, uniq_natasha
D:4:      layout_basic, minmay_statues_item
D:5:      layout_basic, serial_shops, kennysheep_mini_moat, nrook_pool_corridor,
          grunt_ministairs_6, corexii_leaking_fountain, uniq_sigmund,
          uniq_crazy_yiuf_cottage, uniq_pikel
D:6:      kennysheep_housing_project, layout_loops_ring, lemuel_tele_altar,
          minmay_temple_entry_mini_moons, nicolae_titane, uniq_grinder
D:7:      layout_loops_ring
D:8:      layout_gridville, mainiacjoe_overflow_paths, special_room
          [special_room_orc]
D:9:      layout_basic, ploomutoo_gammafunk_ghost_potion_laboratory
D:10:     layout_irregular_city, dpeg_lair_monsters, kennysheep_generic_room_7,
          uniq_snorg
Temple:   mainiacjoe_temple_big_plus

Skill      XL: |  1  2  3  4  5  6  7  8  9 10 11 |
---------------+----------------------------------+-----
Fighting       | 4 5 6 7 9 10 | 10.8
Maces & Flails | 3 4 5 6 7 9 11 | 11.1
Armour         | 4 5 7 8 |  8.4
Shields        | 4 5 6 |  6.7
Dodging        | 1 3 4 |  4.2
Long Blades    | 1 2 |  2.2

Action                   |  1- 3 |  4- 6 |  7- 9 | 10-12 || total
-------------------------+-------+-------+-------+-------++-------
Melee: Flail             |    22 |       |       |       ||    22
       Dagger            |    25 |       |       |       ||    25
       Whip              |     5 |   156 |   233 |   192 ||   586
       Falchion          |       |       |    95 |   212 ||   307
Throw: Boomerang         |    34 |     6 |    43 |    23 ||   106
       Dart              |       |       |    15 |       ||    15
Invok: Sacrifice Purity  |       |       |       |     1 ||     1
  Use: Potion            |       |     1 |     1 |    11 ||    13
       Scroll            |       |       |    13 |     8 ||    21
Armor: Scale mail        |    28 |     9 |       |       ||    37
       Chain mail        |       |    63 |   183 |   277 ||   523
Dodge: Dodged            |    21 |    43 |   100 |   187 ||   351
Block: Buckler           |     8 |    29 |    45 |       ||    82
       Orb               |       |       |    33 |    97 ||   130
       Reflection        |       |       |       |     4 ||     4
       Kite shield       |       |       |       |    50 ||    50

Table legend: (Time is in decaauts)
 A = Elapsed time spent in this place.
 B = Non-inter-level travel time spent in this place.
 C = Inter-level travel time spent in this place.
 D = Time resting spent in this place.
 E = Time spent auto-exploring this place.
 F = Levels seen in this place.
 G = Mean time per level.
                   A        B        C        D        E       F      G
               +--------+--------+--------+--------+--------+-----+--------+
         Total |  12527 |  12286 |    241 |   3693 |   6340 |  11 | 1138.8 |
       Dungeon |  12104 |  11889 |    215 |   3693 |   5954 |  10 | 1210.4 |
        Temple |    423 |    397 |     26 |      0 |    386 |   1 |  423.0 |
               +--------+--------+--------+--------+--------+-----+--------+

Top non-repeatable levels by time:
     D:8: 2098 daAuts
     D:6: 1698 daAuts
     D:9: 1593 daAuts
     D:5: 1430 daAuts
     D:4: 1246 daAuts
     D:7: 1165 daAuts
     D:3: 1105 daAuts
    D:10: 640 daAuts
     D:1: 624 daAuts
     D:2: 501 daAuts
  Temple: 423 daAuts
